 Dungeon Crawl Stone Soup version 0.32-a0-913-g739538afd8 (webtiles) character file.

Game seed: 10512865713109446224

57 Rohain the Grasshopper (level 4, -5/38 HPs)
             Began as a Gnoll Warper on Apr 9, 2024.
             Killed by nerve-wracking pain
             ... invoked by Jessica
              (13 damage)
             ... on level 2 of the Dungeon.
             The game lasted 00:01:54 (1153 turns).

Rohain the Grasshopper (Gnoll Warper)               Turns: 1153, Time: 00:01:55

Health: -5/38      AC: 14    Str: 11    XL:     4   Next: 0%
Magic:  20/20      EV: 10    Int: 12    God:
Gold:   113        SH:  0    Dex: 13    Spells: 8/13 levels left

rFire   . . .        a - +0 spear (protect)
rCold   . . .        (no shield)
rNeg    . . .        j - +2 ring mail {rPois}
rPois   +            (no helmet)
rElec   .            (no cloak)
rCorr   .            (no gloves)
SInv    .            (no boots)
Will    .....        (no amulet)
Stlth   +            i - ring of magical power
HPRegen 0.26/turn    (no ring)
MPRegen 0.17/turn

%: no passive effects
@: under a protective aura
A: fangs 1, strong nose, distributed training
a: no special abilities


You were on level 2 of the Dungeon.
You visited 1 branch of the dungeon, and saw 2 of its levels.

You collected 113 gold pieces.

Inventory:

Hand Weapons
 a - a +0 spear of protection (weapon)
Missiles
 d - 7 darts of dispersal (quivered)
Armour
 b - a +0 leather armour
 j - a +2 ring mail of poison resistance (worn)
Jewellery
 f - a ring of ice
 i - a ring of magical power (left hand)
Scrolls
 c - 2 scrolls of blinking
Potions
 e - a potion of enlightenment {unknown}
 g - a potion of brilliance {unknown}
 h - a potion of curing
 k - 2 potions of haste {unknown}
 l - a potion of lignification {unknown}


   Skills:
 + Level 4.6 Fighting
 + Level 1.0 Short Blades
 + Level 1.0 Long Blades
 + Level 1.0 Axes
 + Level 1.0 Maces & Flails
 + Level 4.6 Polearms
 + Level 1.0 Staves
 + Level 1.0 Ranged Weapons
 + Level 2.7 Throwing
 + Level 2.7 Armour
 + Level 4.6 Dodging
 + Level 1.0 Stealth
 + Level 1.0 Shields
 + Level 1.0 Unarmed Combat
 + Level 5.0 Spellcasting
 + Level 0.8 Conjurations
 + Level 0.8 Hexes
 + Level 0.8 Summonings
 + Level 0.8 Necromancy
 + Level 5.4 Translocations
 + Level 0.8 Fire Magic
 + Level 0.8 Ice Magic
 + Level 0.8 Air Magic
 + Level 0.8 Earth Magic
 + Level 0.8 Alchemy
 + Level 1.1 Invocations
 + Level 1.0 Evocations
 + Level 1.0 Shapeshifting


You had 8 spell levels left.
You knew the following spells:

 Your Spells              Type           Power      Damage    Failure   Level
a - Blink                 Tloc           32%        N/A       8%          2
b - Maxwell's Portable P  Tloc           16%        2d(6-18)  14%         3

Your spell library contained the following spells:

 Spells                   Type           Power      Damage    Failure   Level
 Lesser Beckoning         Tloc           32%        N/A       8%          2
 Teleport Other           Tloc           16%        N/A       14%         3
 Kiss of Death            Conj/Necr      20%        2d7       32%         1
 Ensorcelled Hibernation  Hex/Ice        10%        N/A       43%         2
 Confusing Touch          Hex            5%         N/A       67%         3
 Fugue of the Fallen      Necr           5%         N/A       67%         3
 Sigil of Binding         Hex            5%         N/A       67%         3
 Vhi's Electric Charge    Tloc/Air       20%        N/A       77%         4
 Anguish                  Hex/Necr       2%         N/A       97%         4
 Dispel Undead            Necr           5%         3d7       97%         4
 Death Channel            Necr           2%         N/A       100%        6
 Sculpt Simulacrum        Ice/Alch       2%         N/A       100%        6


Dungeon Overview and Level Annotations

Branches:
Dungeon (2/15)

Altars:
Gozag

Shops:
D:1 *   D:2 (

Annotations:
D:2 Jessica


Innate Abilities, Weirdness & Mutations

You have very sharp teeth.
Your uncanny sense of smell can sniff out nearby items.
Your experience applies equally to all skills.


Message History

You kill the ball python!
You reach to attack!
You barely miss the endoplasm. You hit the endoplasm.
The endoplasm is almost dead.
The endoplasm freezes you.
You are frozen.
You hit the endoplasm.
You kill the endoplasm!
Jessica hits you but does no damage.
Your Shapeshifting skill increases to level 1!
You have reached level 4!
You feel stronger.
You hit Jessica.
Jessica is lightly wounded.
Jessica gestures at you while chanting. Pain shoots through your body!
You are too injured to fight recklessly!
You are too injured to fight recklessly!
You are too injured to fight recklessly!
You hit Jessica but do no damage. You bite Jessica, but do no damage.
Jessica is lightly wounded.
Jessica looks very angry.
Jessica hits you but does no damage.
You hit Jessica but do no damage.
Jessica is lightly wounded.
Jessica says, "I'm really upset."
Jessica hits you but does no damage.
You hit Jessica but do no damage.
Jessica is lightly wounded.
Jessica hits you but does no damage. Jessica barely misses you.
You hit Jessica. You bite Jessica.
Jessica is heavily wounded.
Jessica points at you and mumbles some strange words.
Pain shoots through your body!
* * * LOW HITPOINT WARNING * * *
You hit Jessica.
Jessica is almost dead.
Jessica gestures at you while chanting. Pain shoots through your body!
You die...

#.......+.#.....####
#....
#.......#.##..###
#.....
#[...†........#
#......
#........###.###
#.#.... #........#
#...# .. #####
#....##### ###.###.#
#.... #...>.# #....
#########.#### #####
#...@@..#.####
###+#####.#....#
#....<..#.!..#.#
#......@....$# #
.......#######
?...... ∆ .......
....... .......


You could see Jessica (fast).

Vanquished Creatures
  2 adders (D:2)
  A dart slug (D:2)
  2 ball pythons (D:2)
  5 bats
  7 endoplasms
  2 giant cockroaches (D:1)
  7 goblins
  A hobgoblin (D:2)
  5 frilled lizards
  A kobold (D:1)
  3 rats
36 creatures vanquished.

Notes
Turn   | Place    | Note
-------+----------+-------------------------------------------
     0 | D:1      | Rohain the Gnoll Warper began the quest for the Orb.
     0 | D:1      | Reached XP level 1. HP: 20/20 MP: 6/6
   103 | D:1      | Reached XP level 2. HP: 19/26 MP: 7/7
   145 | D:1      | Learned a level 2 spell: Blink
   582 | D:1      | Found Izistrea's Assorted Antiques.
   781 | D:2      | Found an opulent altar of Gozag.
   828 | D:2      | Reached skill level 5 in Spellcasting
   828 | D:2      | Reached XP level 3. HP: 16/31 MP: 9/9
   879 | D:2      | Learned a level 3 spell: Maxwell's Portable Piledriver
   911 | D:2      | Found Niahol's Antique Weapon Emporium.
   921 | D:2      | Reached skill level 1 in Invocations
   952 | D:2      | Reached skill level 1 in Short Blades
   952 | D:2      | Reached skill level 1 in Long Blades
   952 | D:2      | Reached skill level 1 in Axes
   952 | D:2      | Reached skill level 1 in Maces & Flails
   952 | D:2      | Reached skill level 1 in Staves
   952 | D:2      | Reached skill level 1 in Ranged Weapons
   952 | D:2      | Reached skill level 1 in Stealth
   952 | D:2      | Reached skill level 1 in Shields
   952 | D:2      | Reached skill level 1 in Unarmed Combat
   952 | D:2      | Reached skill level 1 in Evocations
  1125 | D:2      | Noticed Jessica
  1148 | D:2      | Reached skill level 1 in Shapeshifting
  1148 | D:2      | Reached XP level 4. HP: 32/38 MP: 11/11
  1153 | D:2      | Killed from afar by Jessica

Illustrated notes

Levels and vault maps discovered:
D:1:      nagdon_arrival_double_spiral, layout_basic, serial_shops,
          nicolae_shop_real_fake_doors
D:2:      layout_basic, basic_altar, serial_shops, nicolae_shop_dealshenge,
          uniq_jessica

Skill      XL: |  1  2  3 |
---------------+----------+-----
Spellcasting   | 5 |  5.0
Invocations    | 1 |  1.1
Short Blades   | 1 |  1.0
Long Blades    | 1 |  1.0
Axes           | 1 |  1.0
Maces & Flails | 1 |  1.0
Staves         | 1 |  1.0
Ranged Weapons | 1 |  1.0
Stealth        | 1 |  1.0
Shields        | 1 |  1.0
Unarmed Combat | 1 |  1.0
Evocations     | 1 |  1.0
Shapeshifting  | 1 |  1.0
Fighting       | |  4.6
Polearms       | |  4.6
Throwing       | |  2.7
Armour         | |  2.7
Dodging        | |  4.6
Conjurations   | |  0.8
Hexes          | |  0.8
Summonings     | |  0.8
Necromancy     | |  0.8
Translocations | |  5.4
Fire Magic     | |  0.8
Ice Magic      | |  0.8
Air Magic      | |  0.8
Earth Magic    | |  0.8
Alchemy        | |  0.8

Action                     |  1- 3 |  4- 6 || total
---------------------------+-------+-------++-------
  Melee: Spear             |   129 |     6 ||   135
         Bite              |     9 |     2 ||    11
    Use: Scroll            |     3 |       ||     3
 Armour: Leather armour    |    23 |       ||    23
         Ring mail         |    24 |     3 ||    27
  Dodge: Dodged            |    48 |     1 ||    49

Table legend: (Time is in decaauts)
 A = Elapsed time spent in this place.
 B = Non-inter-level travel time spent in this place.
 C = Inter-level travel time spent in this place.
 D = Time resting spent in this place.
 E = Time spent auto-exploring this place.
 F = Levels seen in this place.
 G = Mean time per level.
                   A        B        C        D        E       F      G
               +--------+--------+--------+--------+--------+-----+--------+
         Total |   1135 |   1123 |     12 |     54 |    803 |   2 |  567.5 |
       Dungeon |   1135 |   1123 |     12 |     54 |    803 |   2 |  567.5 |
               +--------+--------+--------+--------+--------+-----+--------+

Top non-repeatable levels by time:
     D:1: 678 daAuts
     D:2: 457 daAuts
